 Dungeon Crawl Stone Soup version 0.22.1-2-g9c5b331 (webtiles) character file.

49 Matador8 the Slasher (level 4, -2/33 HPs)
             Began as a Human Gladiator on Dec 20, 2018.
             Slain by a two-headed ogre
             ... wielding a cursed +0 giant club
              (5 damage)
             ... on level 3 of the Dungeon.
             The game lasted 00:05:18 (1171 turns).

Matador8 the Slasher (Human Gladiator)              Turns: 1171, Time: 00:05:18

Health: -2/33      AC:  9    Str: 14    XL:     4   Next: 2%
Magic:  4/4        EV:  7    Int: 10    God:
Gold:   57         SH:  0    Dex: 14    Spells: 3/3 levels left

rFire    . . .     SeeInvis .   a - +0 long sword
rCold    . . .     Gourm    .   (no shield)
rNeg     . . .     Faith    .   k - +0 chain mail
rPois    .         Spirit   .   c - +0 helmet
rElec    .         Reflect  .   (no cloak)
rCorr    .         Harm     .   (no gloves)
MR       .....                  (no boots)
Stlth    ..........             (no amulet)
HPRegen  0.11/turn              (no ring)
MPRegen  0.09/turn              (no ring)

@: no status effects
A: no striking features
a: no special abilities


You were on level 3 of the Dungeon.
You were not hungry.

You visited 1 branch of the dungeon, and saw 3 of its levels.

You collected 57 gold pieces.

Inventory:

Hand Weapons
 a - a +0 long sword (weapon)
Missiles
 d - 3 throwing nets
 l - 16 poisoned needles (quivered)
Armour
 b - a +0 leather armour
 c - a +0 helmet (worn)
 k - a +0 chain mail (worn)
Scrolls
 e - a scroll of enchant weapon {unknown}
 i - a scroll of remove curse {unknown}
 j - a scroll of teleportation {unknown}
Potions
 h - 2 potions of magic {unknown}
 m - a potion of curing {unknown}
 n - a potion of lignification {unknown}
 o - 2 potions of mutation {unknown}
 p - a potion of heal wounds {unknown}
Comestibles
 f - a ration
 g - 3 chunks of flesh


   Skills:
 - Level 2.0 Fighting
 + Level 4.6 Long Blades
 - Level 2.0 Throwing
 - Level 3.0 Dodging


You had 3 spell levels left.
You didn't know any spells.
Your spell library was empty.

Dungeon Overview and Level Annotations

Branches:
Dungeon (2/15)

Altars:
Ru
Wu Jian
Xom


Message History

* * * LOW HITPOINT WARNING * * *
There is an open door here.
Found 14 sling bullets.
A jackal comes into view.
The jackal barks!
An orc comes into view. It is wielding a trident.
Found a fizzy blue potion.
A goblin comes into view.
The goblin shouts!
A rat comes into view.
Found 16 gold pieces.
An orc comes into view. It is wielding a flail.
The orc shouts!
The orc moves out of view.
Found 12 gold pieces and 6 poisoned needles.
An orc wizard comes into view. It is wielding a dagger.
Found a stone staircase leading down.
You open the door.
The two-headed ogre hits you with a giant club.
You die...

...... >..... .....
.... #.. .#...
#.##+#+##.#..
#+###h#..o......
+_'@Oh....o....
#####r...(.##.#### #
#go..$.......
#####..#####..#####.
........o..oh......!.
##.........##..#.####
#........$##..#.####
#.........+(........
#.........###h######


You could see a two-headed ogre, an orc wizard, 2 orcs, 2 jackals and a rat.

Vanquished Creatures
  A worm (D:2)
  2 dart slugs (D:1)
  2 leopard geckos
  4 orcs (D:3)
  2 giant cockroaches
  4 goblins
  2 hobgoblins (D:1)
  A quokka (D:2)
  3 bats
  2 frilled lizards
  7 kobolds
  6 rats
36 creatures vanquished.

Notes
Turn   | Place    | Note
-------+----------+-------------------------------------------
     0 | D:1      | Matador8 the Human Gladiator began the quest for the Orb.
     0 | D:1      | Reached XP level 1. HP: 16/16 MP: 1/1
   236 | D:1      | Reached XP level 2. HP: 22/22 MP: 2/2
   415 | D:1      | Reached skill level 4 in Long Blades
   415 | D:1      | Reached XP level 3. HP: 27/27 MP: 3/3
   736 | D:2      | Found a shimmering altar of Xom.
   808 | D:2      | Found an ornate altar of the Wu Jian Council.
  1070 | D:2      | You fall through a shaft!
  1134 | D:3      | Reached XP level 4. HP: 18/33 MP: 4/4
  1140 | D:3      | Noticed a two-headed ogre
  1153 | D:3      | HP: 1/33 [two-headed ogre/giant club (5)]
  1171 | D:3      | Found a sacrificial altar of Ru.
  1171 | D:3      | Slain by a two-headed ogre

Skill      XL: |  1  2 |
---------------+-------+-----
Long Blades    | 4 |  4.6
Fighting       | |  2.0
Throwing       | |  2.0
Dodging        | |  3.0

Action                   |  1- 3 |  4- 6 || total
-------------------------+-------+-------++-------
Melee: Long sword        |   114 |     6 ||   120
  Eat: Chunk             |     1 |       ||     1
Armor: Leather armour    |     7 |       ||     7
       Chain mail        |    67 |     9 ||    76
Dodge: Dodged            |    52 |     1 ||    53
       Rpst.: Long sword |    17 |       ||    17
